 Dungeon Crawl Stone Soup version 0.30-a0-723-gc1506a1cf0 (webtiles) character file.

Game seed: 3504342674936996929

9 ASSMAN the Sneak (level 2, -1/18 HPs)
             Began as a Vampire Delver on Jan 29, 2023.
             Slain by a shadow imp (4 damage)
             ... on level 5 of the Dungeon.
             The game lasted 00:00:29 (318 turns).

ASSMAN the Sneak (Vampire Delver)                    Turns: 318, Time: 00:00:30

Health: -1/18      AC:  3    Str: 11    XL:     2   Next: 3%
Magic:  2/2        EV: 12    Int: 12    God:
Gold:   0          SH:  0    Dex: 15    Spells: 1/1 levels left

rFire   . . .      SeeInvis +    h - +0 dagger
rCold   + + .      Faith    .    (no shield)
rNeg    + + +      Spirit   .    b - +0 leather armour
rPois   ∞          Reflect  .    (no helmet)
rElec   .          Harm     .    (no cloak)
rCorr   .          Rampage  .    (no gloves)
Will    .....                    (no boots)
Stlth   +++++                    (no amulet)
HPRegen 0.00/turn                (no ring)
MPRegen 0.08/turn                (no ring)

@: bloodless, inhibited regen
A: bloodless, fangs 3, see invisible, vampiric 1
a: Revivify


You were on level 5 of the Dungeon.
You visited 1 branch of the dungeon, and saw 1 of its levels.

Inventory:

Hand Weapons
 a - a +0 short sword
 h - a +0 dagger (weapon)
Armour
 b - a +0 leather armour (worn)
Wands
 g - a wand of digging (3)
Scrolls
 c - a scroll of fog
 d - a scroll of magic mapping
 e - a scroll of fear
Potions
 f - a potion of haste


   Skills:
 - Level 2.6 Fighting
 + Level 2.6 Short Blades
 - Level 2.1 Dodging
 + Level 7.6 Stealth


You had one spell level left.
You didn't know any spells.
Your spell library was empty.

Dungeon Overview and Level Annotations

Branches:
Dungeon (5/15)
 Temple: D:4-7

Altars:


Innate Abilities, Weirdness & Mutations

You do not regenerate when monsters are visible.
You are frail without blood (-20% HP).
You can heal yourself when you bite living creatures.
You are immune to poison.
You have razor-sharp teeth.
You have supernaturally acute eyesight. (SInv)
You are afflicted with vampirism.


Message History

A shadow imp is nearby!
The shadow imp shouts, "Back with thee, thou peaked lifeless tiler!"
You barely miss the shadow imp. The shadow imp hits you.
You hit the shadow imp but do no damage.
The shadow imp hits you.
You hit the shadow imp but do no damage.
The shadow imp closely misses you.
You hit the shadow imp but do no damage.
The shadow imp barely misses you.
You hit the shadow imp but do no damage.
The shadow imp spits at you. The shadow imp hits you.
You hit the shadow imp.
The shadow imp is lightly wounded.
The shadow imp closely misses you.
You hit the shadow imp but do no damage.
The shadow imp is lightly wounded.
You closely miss the shadow imp.
The shadow imp is lightly wounded.
The shadow imp closely misses you.
You hit the shadow imp.
The shadow imp is moderately wounded.
The shadow imp hits you but does no damage.
You hit the shadow imp but do no damage.
The shadow imp is moderately wounded.
The shadow imp hits you.
You hit the shadow imp but do no damage.
The shadow imp is moderately wounded.
The shadow imp closely misses you.
You hit the shadow imp.
The shadow imp is heavily wounded.
The shadow imp closely misses you.
You barely miss the shadow imp. Your bite misses the shadow imp.
The shadow imp is heavily wounded.
The shadow imp hits you.
* * * LOW HITPOINT WARNING * * *
You hit the shadow imp.
The shadow imp is almost dead.
The shadow imp hits you.
You die...

#.# ..### ###....
###.#.......##
#<#.#.###....##
#######.#.#.#.......#
.......5#.#.#.......####
.......@#.#.............
........#.#.......#.###.
........#............##.
.............÷#.####.)..
###########.........###>
#..##.#.### ## #..##...#
#..###### #..####


You could see a shadow imp.

Vanquished Creatures
  An adder (D:5)
1 creature vanquished.

Notes
Turn   | Place    | Note
-------+----------+-------------------------------------------
     0 | D:5      | ASSMAN the Vampire Delver began the quest for the Orb.
     0 | D:5      | Reached XP level 1. HP: 17/17 MP: 1/1
    27 | D:5      | Reached XP level 2. HP: 5/23 MP: 2/2
   318 | D:5      | Slain by a shadow imp

Illustrated notes

Levels and vault maps discovered:
D:5:      layout_basic, grunt_dithmenos_smoke_and_mirrors, uniq_edmund

Action                     || total
---------------------------++-------
  Melee: Dagger            ||    30
Ability: Exsanguinate      ||     1
 Armour: Leather armour    ||     4
  Dodge: Dodged            ||    16

Table legend: (Time is in decaauts)
 A = Elapsed time spent in this place.
 B = Non-inter-level travel time spent in this place.
 C = Inter-level travel time spent in this place.
 D = Time resting spent in this place.
 E = Time spent auto-exploring this place.
 F = Levels seen in this place.
 G = Mean time per level.
                   A        B        C        D        E       F      G
               +--------+--------+--------+--------+--------+-----+--------+
         Total |    314 |    314 |      0 |    240 |     28 |   1 |  314.0 |
       Dungeon |    314 |    314 |      0 |    240 |     28 |   1 |  314.0 |
               +--------+--------+--------+--------+--------+-----+--------+

Top non-repeatable levels by time:
     D:5: 314 daAuts
